 Dungeon Crawl Stone Soup version 0.16.1-29-g3e760ad (webtiles) character file.

412 sscrono2 the Covert (level 6, 0/39 (42) HPs)
             Began as an Octopode Assassin on June 9, 2015.
             Slain by a wight
             ... wielding a +3 mace
              (1 damage)
             ... on level 4 of the Dungeon.
             The game lasted 00:16:14 (2691 turns).

sscrono2 the Covert (Octopode Assassin)             Turns: 2691, Time: 00:16:14

HP:   0/39 (42)     AC:  1    Str: 10    XL:     6   Next: 90%
MP:   6/6           EV: 13    Int: 13    God:
Gold: 169           SH:  0    Dex: 16    Spells: 0 memorised, 5 levels left

rFire  x . .     SeeInvis .     a - +2 dagger (speed)
rCold  + . .     Clarity  .     (no shield)
rNeg   . . .     SustAb   .     (helmet restricted)
rPois  .         Gourm    .     n - amulet of regeneration
rElec  .         Spirit   .     d - ring of ice
rCorr  .         Warding  .     (no ring)
rMut   .         Stasis   .     (no ring)
MR     .....                    (no ring)
Stlth  +++++.....               (no ring)
                                (no ring)
                                (no ring)
                                (no ring)

@: heavily drained, not resistant to hostile enchantments, quite stealthy
A: almost no armour, amphibious, 8 rings, constrict 8, camouflage 1, gelatinous
body 1
a: no special abilities


You were on level 4 of the Dungeon.
You were not hungry.

You visited 1 branch of the dungeon, and saw 4 of its levels.

You collected 169 gold pieces.

Inventory:

Hand weapons
 a - a +2 dagger of speed (weapon)
 b - a +0 blowgun
 i - a +2 dagger
Missiles
 e - 8 poisoned needles
 f - 2 curare-tipped needles
 p - a throwing net (quivered)
Jewellery
 d - a ring of ice (left tentacle)
 n - an amulet of regeneration (around mantle)
Scrolls
 h - a scroll of immolation
 j - a scroll of noise {unknown}
 k - a scroll of enchant armour
 m - 3 scrolls of remove curse {unknown}
 q - a scroll of amnesia {unknown}
 r - a scroll of fog {unknown}
 s - a scroll of identify
 w - a scroll of magic mapping {unknown}
Potions
 c - a potion of decay
 l - a potion of flight
 o - 2 potions of cancellation {unknown}
 t - a potion of ambrosia {unknown}
 x - a potion of lignification {unknown}
Books
 v - a book of Frost

   Spells                             Type                      Level
   a - Freeze                         Ice                          1
   b - Throw Frost                    Conjuration/Ice              2
   c - Ozocubu's Armour               Charms/Ice                   3
   d - Throw Icicle                   Conjuration/Ice              4
   e - Summon Ice Beast               Ice/Summoning                4
   f - Condensation Shield            Ice                          4
Comestibles
 g - a bread ration
 u - a beef jerky


   Skills:
 + Level 3.1(1.6) Fighting
 + Level 2.9(1.4) Short Blades
 + Level 2.0(0.6) Throwing
 + Level 4.1(2.6) Dodging
 + Level 8.0(6.3) Stealth


You had 5 spell levels left.
You didn't know any spells.

Dungeon Overview and Level Annotations

Branches:
Dungeon (4/15)
 Temple: D:4-7

Altars:
Zin

Annotations:
D:3 bftschaos' ghost, average MfIE


Innate Abilities, Weirdness & Mutations

You cannot wear most types of armour.
You are amphibious.
You can wear up to eight rings at the same time.
You can use your tentacles to constrict many enemies at once.
Your skin changes colour to match your surroundings (Stealth).
Your rubbery body absorbs attacks (AC +1).


Message History

The wight is lightly damaged.
You hit the wight but do no damage. Your grab misses the wight.
The wight is lightly damaged.
The wight hits you from afar with an enchanted spear!
* * * LOW HITPOINT WARNING * * *
The wight misses you.
Read which item? (? for menu, Esc to quit)
As you read the scroll labeled NEAQOE PRORCH, it crumbles to dust.
The creatures around you are filled with an inner flame!
It was a scroll of immolation.
The wight hits you with an enchanted mace.
* * * LOW HITPOINT WARNING * * *
The wight completely misses you. The wight barely misses you.
Drink which item? (? for menu, Esc to quit)
It was a potion of decay.
You feel your flesh rotting away!
The wight hits you with an enchanted mace!
* * * LOW HITPOINT WARNING * * *
You feel drained.
You die...

#..........# #..##
#............##.##
.................#
.........#...$....#
.......####......#
........#####....#
..........#####..#
............###..####
#####.##....z@.....#
#....##.z#z.#..##
#.####...###.##.# ##
##### ### ##


You could see 3 wights.

Vanquished Creatures
  Purgy (D:3)
  2 wights (D:4)
  An orc priest (D:4)
  Natasha (thrice) (D:3)
  Terence (D:3)
  Robin (D:3)
  6 adders
  A giant mite (D:3)
  A worm (D:2)
  3 giant geckos
  2 oozes
  2 orcs (D:4)
  2 giant cockroaches
  17 goblins
  10 hobgoblins
  7 jackals
  11 bats
  4 giant newts
  5 kobolds
  2 rats
82 creatures vanquished.

Notes
Turn   | Place    | Note
--------------------------------------------------------------
     0 | D:1      | sscrono2, the Octopode Assassin, began the quest for the Orb.
     0 | D:1      | Reached XP level 1. HP: 14/14 MP: 1/1
   391 | D:1      | Reached XP level 2. HP: 12/19 MP: 2/2
   767 | D:1      | Reached skill level 6 in Stealth
  1180 | D:2      | Reached XP level 3. HP: 17/24 MP: 3/3
  1393 | D:2      | Reached XP level 4. HP: 29/29 MP: 4/4
  1562 | D:2      | Reached skill level 7 in Stealth
  1796 | D:3      | Noticed Robin
  1820 | D:3      | Reached XP level 5. HP: 16/35 MP: 5/5
  1897 | D:3      | Killed Robin
  1947 | D:3      | Found a glowing silver altar of Zin.
  1957 | D:3      | Noticed Purgy
  1964 | D:3      | Killed Purgy
  1964 | D:3      | Reached XP level 6. HP: 41/41 MP: 6/6
  2004 | D:3      | Noticed Terence
  2014 | D:3      | Killed Terence
  2060 | D:3      | Noticed bftschaos' ghost (average MfIE)
  2391 | D:3      | Noticed Natasha
  2395 | D:3      | Killed Natasha
  2420 | D:3      | Noticed Natasha
  2428 | D:3      | Killed Natasha
  2436 | D:3      | Noticed Natasha
  2441 | D:3      | Killed Natasha
  2529 | D:4      | Reached skill level 8 in Stealth
  2691 | D:4      | HP: 1/39 [wight/enchanted mace (8)]
  2691 | D:4      | Slain by a wight

Action                   |  1- 3 |  4- 6 || total
-------------------------+-------+-------++-------
Melee: Dagger            |    68 |   135 ||   203
  Use: Scroll            |     5 |     2 ||     7
       Potion            |       |     7 ||     7
 Stab: Sleeping          |     9 |     6 ||    15
  Eat: Meat ration       |     1 |       ||     1
       Bread ration      |       |     1 ||     1
